 Dungeon Crawl Stone Soup version 0.29.1-2-gbd0b4ee654 (webtiles) character file.

Game seed: 16483460667719916467

173 qeuew the Chopper (level 5, -6/41 HPs)
             Began as a Formicid Fighter on Nov 3, 2022.
             Mangled by Duvessa
             ... wielding a +0 rapier
              (10 damage)
             ... on level 4 of the Dungeon.
             The game lasted 00:03:15 (2948 turns).

qeuew the Chopper (Formicid Fighter)                Turns: 2948, Time: 00:03:15

Health: -6/41      AC:  9    Str: 23    XL:     5   Next: 83%
Magic:  5/5        EV:  9    Int:  7    God:
Gold:   130        SH:  5    Dex: 13    Spells: 4/4 levels left

rFire   . . .      SeeInvis +   a - +1 war axe
rCold   . . .      Faith    .   c - +0 buckler
rNeg    . . .      Spirit   .   b - +0 scale mail
rPois   .          Reflect  .   (helmet unavailable)
rElec   .          Harm     .   (no cloak)
rCorr   .          Rampage  .   e - +1 pair of gloves
Will    .....                   (no boots)
Stlth   ..........              (no amulet)
HPRegen 0.13/turn               (no ring)
MPRegen 0.09/turn               (no ring)

@: mighty
A: permanent stasis, dig shafts and tunnels, antennae 3, four strong arms
a: Dig, Shaft Self


You were on level 4 of the Dungeon.
You visited 1 branch of the dungeon, and saw 4 of its levels.

You collected 130 gold pieces.

Inventory:

Hand Weapons
 a - a +1 war axe (weapon)
Armour
 b - a +0 scale mail (worn)
 c - a +0 buckler (worn)
 e - a +1 pair of gloves (worn)
Scrolls
 h - a scroll of magic mapping
 i - a scroll of enchant armour
 j - a scroll of amnesia
Potions
 g - 2 potions of flight


   Skills:
 + Level 3.6 Fighting
 * Level 4.7 Axes
 + Level 4.0 Armour
 + Level 0.1 Dodging
 + Level 4.3 Shields


You had 4 spell levels left.
You didn't know any spells.
Your spell library was empty.

Dungeon Overview and Level Annotations

Branches:
Dungeon (4/15)
 Temple: D:4-7

Altars:

Annotations:
D:4 Dowan, Duvessa


Innate Abilities, Weirdness & Mutations

You cannot be hasted, slowed, berserked, paralysed or teleported.
You can dig through walls and to a lower floor.
You have a pair of large antennae on your head. (SInv)
Your four strong arms can wield two-handed weapons with a shield.


Message History

Duvessa shouts!
Dowan, Brother of Duvessa comes into view.
He is wielding a +0 dagger.
Dowan shouts!
There are monsters nearby!
You see here a scroll of identify.
There are monsters nearby!
Found a scroll of fog.
Duvessa hits you with a +0 rapier!
There are monsters nearby!
You hit Duvessa but do no damage. You hit Dowan but do no damage.
Dowan hits you with a +0 dagger. Duvessa hits you but does no damage.
There are monsters nearby!
You hit Duvessa.
Duvessa is lightly wounded.
You hit Dowan. You block Dowan's attack. You block Duvessa's attack.
Dowan hits you with a +0 dagger. Duvessa hits you with a +0 rapier.
You barely miss Duvessa.
Duvessa is lightly wounded.
You hit Dowan but do no damage. Dowan barely misses you.
You block Duvessa's attack.
You closely miss Duvessa.
Duvessa is lightly wounded.
You barely miss Dowan. Dowan barely misses you.
Duvessa says, "Did you see that move?
Perfect!"
Duvessa barely misses you.
You hit Duvessa but do no damage.
Duvessa is lightly wounded.
You miss Dowan. You block Dowan's attack. Duvessa hits you with a +0 rapier!
You slash Duvessa!
Duvessa is heavily wounded.
You hit Dowan. Dowan gestures at you while chanting.
You block the puff of frost. Duvessa hits you with a +0 rapier.
* * * LOW HITPOINT WARNING * * *
Dowan hits you but does no damage. Duvessa hits you with a +0 rapier!
* * * LOW HITPOINT WARNING * * *
Okay, then.
Okay, then.
You feel very mighty all of a sudden. Duvessa hits you with a +0 rapier!
You die...

#.# ≈.§ #.# ≈§ { #..
.. ..###. # #.[#.
... # #? #.#.# ...
###)#$#######.#.#
...
#.....e.........#
#.# #...e@?..(..#.#
#.#
##..####.#..#.####.#
#.. #........##.# #.
#.........##.# #
#............###
###...............
##............#####
. ..............# #
.##............#


You could see Duvessa and Dowan.

Vanquished Creatures
  A jelly (D:4)
  Terence (D:3)
  2 adders
  2 worms (D:2)
  3 dart slugs
  8 endoplasms
  4 giant cockroaches
  8 hobgoblins
  13 jackals
  9 kobolds
  6 quokkas
  3 ball pythons
  5 bats
  4 frilled lizards
  7 goblins
  2 rats (D:1)
78 creatures vanquished.

Notes
Turn   | Place    | Note
-------+----------+-------------------------------------------
     0 | D:1      | qeuew the Formicid Fighter began the quest for the Orb.
     0 | D:1      | Reached XP level 1. HP: 18/18 MP: 1/1
   161 | D:1      | Reached XP level 2. HP: 21/24 MP: 2/2
   270 | D:1      | Reached XP level 3. HP: 24/29 MP: 3/3
  1006 | D:2      | Reached XP level 4. HP: 35/35 MP: 4/4
  2289 | D:3      | Reached XP level 5. HP: 38/41 MP: 5/5
  2380 | D:3      | Noticed Terence
  2388 | D:3      | Killed Terence
  2938 | D:4      | Noticed Duvessa
  2938 | D:4      | Noticed Dowan
  2948 | D:4      | Mangled by Duvessa

Illustrated notes

Levels and vault maps discovered:
D:1:      lightli_arrival_statuegarden, layout_loops_ring
D:2:      layout_loops_corners, serial_glass, glass_columns_b, glass_columns_c,
          glass_columns_a, glass_columns_a, glass_columns_b, glass_columns_c,
          glass_columns_a, glass_columns_b, st_stairs_4
D:3:      layout_loops_ring, uniq_terence
D:4:      old_forge, layout_loops_ring, general_overflow_altar,
          mainiacjoe_overflow_concentric_impassable, lightli_temple_of_fire,
          uniq_duvessa

Skill      XL: |  1  2  3  4  5 |
---------------+----------------+-----
Axes           | 3 4 |  4.7
Armour         | 4 |  4.0
Fighting       | |  3.6
Dodging        | |  0.1
Shields        | |  4.3

Action                   |  1- 3 |  4- 6 || total
-------------------------+-------+-------++-------
Melee: War axe           |    73 |   110 ||   183
  Use: Scroll            |     4 |     8 ||    12
       Potion            |     1 |     1 ||     2
Armor: Scale mail        |    51 |    46 ||    97
Dodge: Dodged            |    40 |    43 ||    83
Block: Buckler           |    19 |    33 ||    52
